 Dungeon Crawl Stone Soup version 0.32-a0-994-gabb26cbae4 (webtiles) character file.

Game seed: 4679103587246699928

10561 mertasd123 the Blocker (level 11, -17/77 (95) HPs)
             Began as a Formicid Hunter on Apr 22, 2024.
             Was a High Priest of Okawaru.
             Killed from afar by Josephine (25 damage)
             ... with a ghostly fireball
             ... on level 11 of the Dungeon.
             The game lasted 00:21:49 (9653 turns).

mertasd123 the Blocker (Formicid Hunter)            Turns: 9653, Time: 00:21:49

HP:   -17/77 (95)   AC:  7    Str: 15    XL:     11   Next: 95%
MP:   11/11         EV:  9    Int: 10    God:    Okawaru [*****.]
Gold: 691           SH: 20    Dex: 21    Spells: 10/10 levels left

rFire   . . .        s - +2 orcbow (heavy)
rCold   . . .        j - +1 tower shield
rNeg    . . .        x - +0 steam dragon scales
rPois   +            (helmet unavailable)
rElec   .            t - scarf {shadows}
rCorr   .            g - +0 pair of gloves
SInv    +            e - +0 pair of boots
Will    +....        (no amulet)
Stlth   ++           h - ring of flight
HPRegen 0.32/turn    w - ring of poison resistance
MPRegen 0.12/turn

%: no passive effects
@: flying, heavily drained
A: permanent stasis, dig shafts and tunnels, antennae 3, four strong arms
a: Dig, Shaft Self, Renounce Religion, Heroism, Finesse, Duel


You were on level 11 of the Dungeon.
You worshipped Okawaru.
Okawaru was extremely pleased with you.
You visited 2 branches of the dungeon, and saw 12 of its levels.
You also visited: Sewer.

You collected 691 gold pieces.

Inventory:

Hand Weapons
 s - a +2 heavy orcbow (weapon)
Missiles
 m - a throwing net
 p - 10 poisoned darts
Armour
 e - a +0 pair of boots (worn)
 g - a +0 pair of gloves (worn)
 j - a +1 tower shield (worn)
 t - a scarf of shadows (worn)
 x - +0 steam dragon scales (worn)
Jewellery
 h - a ring of flight (left hand)
 w - a ring of poison resistance (right hand)
Wands
 k - a wand of flame (28)
 r - a wand of mindburst (26)
Scrolls
 d - 2 scrolls of teleportation
 l - a scroll of silence
 q - a scroll of vulnerability
 v - a scroll of amnesia
 y - a scroll of identify
Potions
 b - 2 potions of berserk rage
 f - 4 potions of might
 i - 4 potions of haste
 n - a potion of degeneration
 o - 4 potions of curing
 u - 3 potions of mutation
Miscellaneous
 a - a phantom mirror


   Skills:
 + Level 11.8 Fighting
 + Level 11.3 Ranged Weapons
 - Level 2.0 Armour
 - Level 2.0 Dodging
 - Level 2.0 Stealth
 + Level 12.7 Shields


You had 10 spell levels left.
You didn't know any spells.
Your spell library contained the following spells:

 Spells                   Type           Power      Damage    Failure   Level
 Apportation              Tloc           0%         N/A       87%         1
 Necrotise                Necr           0%         1d4       87%         1
 Sting                    Conj/Alch      0%         1d3       87%         1
 Lesser Beckoning         Tloc           0%         N/A       95%         2
 Sigil of Binding         Hex            0%         N/A       99%         3
 Teleport Other           Tloc           0%         N/A       99%         3
 Dimensional Bullseye     Hex/Tloc       0%         N/A       100%        4
 Ignite Poison            Fire/Alch      0%         N/A       100%        4
 Leda's Liquefaction      Alch/Erth      0%         N/A       100%        4
 Sticky Flame             Fire/Alch      0%         2d4       100%        4
 Lee's Rapid Deconstruct  Erth           0%         3d4*      100%        5
 Permafrost Eruption      Ice/Erth       0%         2x4d1     100%        6
 Ignition                 Fire           0%         3d3       100%        8
 Summon Small Mammal      Summ           Unusable   N/A       N/A         1
 Call Canine Familiar     Summ           Unusable   N/A       N/A         3
 Maxwell's Portable Pile  Tloc           Unusable   2d(5-13)  N/A         3

Dungeon Overview and Level Annotations

Branches:
Dungeon (11/15)            Temple (1/1) D:7           Sewer (visited)
   Lair: D:8-11         Orc: D:9-12

Altars:
Ashenzari
Cheibriados
Elyvilon
Gozag
Hepliaklqana
Kikubaaqudgha
Makhleb
Okawaru
Qazlal
Ru
Sif Muna
Trog
Uskayaw
Vehumet
Wu Jian
Xom
Yredelemnul
Zin
The Shining One
Lugonu

Portals:
Abyss: D:5

Annotations:
D:10 2 transporters, Vbesf's ghost, journeyman GnCA
D:11 Josephine


Innate Abilities, Weirdness & Mutations

You cannot be hasted, slowed, berserked, paralysed or teleported.
You can dig through walls and to a lower floor.
You have a pair of large antennae on your head. (SInv)
Your four strong arms can wield two-handed weapons with a shield.


Message History

Unknown command.
Fire: s) +2 orcbow (heavy)
Press: ? - help, Shift-Dir - straight line, f/p - Josephine
Aim: Josephine, wielding a +0 dagger and wearing a +0 robe (heavily wounded, 69% to hit)
You shoot an arrow. The arrow hits Josephine.
Josephine is heavily wounded.
Josephine closely misses you.
Fire: s) +2 orcbow (heavy)
Press: ? - help, Shift-Dir - straight line, f/p - Josephine
Aim: Josephine, wielding a +0 dagger and wearing a +0 robe (heavily wounded, 69% to hit)
You shoot an arrow. The arrow barely misses Josephine.
Josephine laughs insanely.
Josephine hits you but does no damage. You block Josephine's attack.
Fire: s) +2 orcbow (heavy)
Press: ? - help, Shift-Dir - straight line, f/p - Josephine
Aim: Josephine, wielding a +0 dagger and wearing a +0 robe (heavily wounded, 69% to hit)
You shoot an arrow. The arrow hits Josephine!!
Josephine is severely wounded.
You block Josephine's attack.
Fire: s) +2 orcbow (heavy)
Press: ? - help, Shift-Dir - straight line, f/p - Josephine
Aim: Josephine, wielding a +0 dagger and wearing a +0 robe (severely wounded, 69% to hit)
You shoot an arrow. The arrow hits Josephine.
Josephine is almost dead.
You block Josephine's attack. x2
Fire: s) +2 orcbow (heavy)
Press: ? - help, Shift-Dir - straight line, f/p - Josephine
Aim: Josephine, wielding a +0 dagger and wearing a +0 robe (almost dead, 69% to hit)
You shoot an arrow.
The arrow hits Josephine but does no damage.
Josephine is almost dead.
Josephine points at you and mumbles some strange words.
The ghostly flame explodes!
The ghostly fireball engulfs you!!
You feel drained.
* * * LOW HITPOINT WARNING * * *
The ghostly fireball engulfs Josephine.
Josephine completely resists.
Josephine casts a spell at you.
The ghostly flame explodes!
The ghostly fireball engulfs you!!
You feel drained.
You die...

.. #### ...
##..# ...##
##@#.# .....#
##@##.##
......##.###..#
........####.##
........###.##
.......###..#
......###..##
#......##..#
#...#.....##


You could see Josephine.

Vanquished Creatures
  A centaur warrior (D:9)
  A two-headed ogre (D:10)
  Pikel (D:8)
  Joseph (D:8)
  A komodo dragon (D:10)
  A troll (D:10)
  2 hornets (D:8)
  A shadow (D:10)
  2 wyverns
  5 wraiths (D:11)
  11 yaks
  Grum (D:9)
  3 steam dragons
  An acid dragon (D:10)
  An orc warrior (D:9)
  2 sky beasts (D:7)
  4 ice beasts
  4 black bears
  An ogre (D:6)
  2 wolves (D:9)
  3 centaurs
  2 phantoms
  3 lemures (D:8)
  3 kobold brigands
  5 bullfrogs
  2 gnoll sergeants
  5 scorpions
  4 wights (D:8)
  8 killer bees
  2 howler monkeys (D:6)
  3 bombardier beetles
  3 orc priests
  4 jellies
  4 hounds
  A sleepcap (D:8)
  2 gnoll boudas
  7 orc wizards
  7 iguanas
  16 gnolls
  14 adders
  2 shadow imps
  An ufetubus (D:6)
  2 dart slugs
  2 ribbon worms
  22 orcs
  5 bats
  10 endoplasms
  7 giant cockroaches
  9 goblins
  6 hobgoblins
  4 jackals
  23 kobolds
  2 quokkas
  11 ball pythons
  2 frilled lizards
  10 rats
262 creatures vanquished.

Notes
Turn   | Place    | Note
-------+----------+-------------------------------------------
     0 | D:1      | mertasd123 the Formicid Hunter began the quest for the Orb.
     0 | D:1      | Reached XP level 1. HP: 16/16 MP: 1/1
     0 | D:1      | Noticed a large abomination
     1 | D:1      | Noticed a large abomination
     3 | D:1      | Noticed a large abomination
     3 | D:1      | Noticed a large abomination
     5 | D:1      | Noticed a large abomination
     6 | D:1      | Noticed a large abomination
     7 | D:1      | Noticed a large abomination
     8 | D:1      | Noticed a large abomination
    10 | D:1      | Noticed a large abomination
    10 | D:1      | Noticed a large abomination
    12 | D:1      | Noticed a large abomination
    14 | D:1      | Noticed a large abomination
    14 | D:1      | Noticed a large abomination
    16 | D:1      | Noticed a large abomination
    16 | D:1      | Noticed a large abomination
    18 | D:1      | Noticed a large abomination
    18 | D:1      | Noticed a large abomination
    63 | D:1      | Reached XP level 2. HP: 23/23 MP: 2/2
    76 | D:1      | Reached XP level 3. HP: 28/29 MP: 3/3
   838 | D:2      | Reached XP level 4. HP: 25/35 MP: 4/4
   936 | D:2      | Found a glowing golden altar of the Shining One.
  1324 | D:2      | Reached skill level 5 in Ranged Weapons
  1336 | D:2      | Reached XP level 5. HP: 22/42 MP: 5/5
  1952 | D:3      | Reached skill level 1 in Shields
  2230 | D:4      | Found a glowing drain.
  2253 | Sewer    | Entered a sewer
  2394 | Sewer    | Noticed a kobold brigand
  2394 | Sewer    | Noticed a kobold brigand
  2417 | Sewer    | Killed a kobold brigand
  2418 | Sewer    | Reached skill level 2 in Shields
  2418 | Sewer    | Reached XP level 6. HP: 17/49 MP: 6/6
  2473 | Sewer    | Reached skill level 3 in Shields
  2679 | D:4      | Found an ornate altar of the Wu Jian Council.
  2701 | D:4      | Reached skill level 5 in Fighting
  2732 | D:4      | Reached XP level 7. HP: 56/56 MP: 7/7
  2971 | D:4      | Found a hazy altar of Hepliaklqana.
  2999 | D:4      | Found a sacrificial altar of Ru.
  3164 | D:5      | Entered Level 5 of the Dungeon
  3165 | D:5      | Found a large runed translucent door.
  3172 | D:5      | Reached skill level 4 in Shields
  3202 | D:5      | Identified the +4 dagger of the Red God {flame, ^Drain
                  | rN+++ Will-}
  3215 | D:5      | Reached skill level 1 in Armour
  3288 | D:5      | Reached XP level 8. HP: 46/64 MP: 8/8
  3493 | D:5      | Reached skill level 5 in Shields
  3640 | D:5      | Found a large runed translucent door.
  3643 | D:5      | Found a corrupted altar of Lugonu.
  3786 | D:5      | Found a one-way gate to the infinite horrors of the Abyss.
  4074 | D:5      | Reached skill level 6 in Shields
  4203 | D:6      | Reached XP level 9. HP: 72/72 MP: 9/9
  4306 | D:6      | Reached skill level 7 in Shields
  4321 | D:6      | Found a glowing silver altar of Zin.
  4967 | D:7      | Reached skill level 8 in Shields
  5182 | D:7      | Found an opulent altar of Gozag.
  5380 | D:7      | Reached XP level 10. HP: 81/82 MP: 10/10
  5413 | D:7      | Reached skill level 9 in Shields
  5477 | D:7      | Found a staircase to the Ecumenical Temple.
  5652 | Temple   | Entered the Ecumenical Temple
  5673 | Temple   | Became a worshipper of Warmaster Okawaru
  5934 | D:8      | Found a basalt altar of Yredelemnul.
  6009 | D:8      | Found a shimmering blue altar of Sif Muna.
  6275 | D:8      | Noticed Pikel
  6309 | D:8      | Killed Pikel
  6309 | D:8      | Reached * piety under Okawaru
  6316 | D:8      | Reached skill level 10 in Shields
  6600 | D:8      | Found a snail-covered altar of Cheibriados.
  6730 | D:8      | Reached ** piety under Okawaru
  7010 | D:8      | Noticed Joseph
  7018 | D:8      | Killed Joseph
  7019 | D:8      | Reached skill level 10 in Fighting
  7398 | D:8      | Reached skill level 10 in Ranged Weapons
  7399 | D:8      | Reached XP level 11. HP: 23/92 MP: 11/11
  7632 | D:9      | Noticed a centaur warrior
  7642 | D:9      | Killed a centaur warrior
  7643 | D:9      | Reached skill level 11 in Shields
  7816 | D:9      | Reached *** piety under Okawaru
  8209 | D:9      | Found a bloodstained altar of Trog.
  8362 | D:9      | Found a stormy altar of Qazlal.
  8406 | D:9      | Found a glowing golden altar of the Shining One.
  8433 | D:9      | Noticed Grum
  8447 | D:9      | Killed Grum
  8686 | D:10     | Entered Level 10 of the Dungeon
  8740 | D:10     | Found a transporter.
  8741 | D:10     | Noticed Vbesf's ghost (journeyman GnCA)
  8747 | D:10     | Reached skill level 12 in Shields
  8784 | D:10     | Noticed a boulder beetle
  8789 | D:10     | Reached **** piety under Okawaru
  9020 | D:10     | Found a transporter.
  9101 | D:10     | Noticed a deep elf pyromancer
  9224 | D:10     | Noticed a two-headed ogre
  9226 | D:10     | Killed a two-headed ogre
  9244 | D:10     | Noticed a centaur warrior
  9244 | D:10     | Noticed a manticore
  9244 | D:10     | Noticed a centaur warrior
  9244 | D:10     | Noticed a deep elf pyromancer
  9245 | D:10     | Noticed a centaur warrior
  9245 | D:10     | Noticed a purple ugly thing
  9325 | D:10     | Noticed a deep troll
  9326 | D:10     | Noticed a cyclops
  9332 | D:10     | Noticed a centaur warrior
  9628 | D:11     | Noticed Josephine
  9642 | D:11     | Reached ***** piety under Okawaru
  9653 | D:11     | Killed from afar by Josephine

Illustrated notes

Levels and vault maps discovered:
D:1:      shiori_arrival_whats_in_store_for_you, layout_loops_ring,
          minmay_door_square
D:2:      layout_basic, basic_altar, small_statue_intersection,
          minmay_small_reverse_x
D:3:      layout_loops_ring, corexii_item_surrounded_by_moat,
          hangedman_decor_clover_reticule
D:4:      layout_rooms, worldfamousw_hep_ancestral_shrine,
          pdpol_wu_jian_five_deadly_venoms, mainiacjoe_overflow_catwalk,
          portal_sewer_entry_c
D:5:      due_chaos_kobolds, layout_rooms
D:6:      layout_basic, mainiacjoe_overflow_boulevard, serial_bayou_pond_b
D:7:      layout_loops_corners, mainiacjoe_overflow_tiny_flanked,
          minmay_temple_entry_overgrown
D:8:      layout_rooms, led_sif_pool, yredelemnul_altar_generic,
          nicolae_overflow_hidden_temple, slow_altar_1, grunt_ministairs_12,
          nicolae_houndstooth_variations, uniq_joseph, uniq_pikel
D:9:      layout_loops_ring, tso_metal_star, mainiacjoe_overflow_alcove_2,
          mainiacjoe_overflow_brackets, minmay_misc_feat_enclosed, uniq_grum
D:10:     layout_rooms, nzn_ghost_randoct, minivault_12
D:11:     layout_layer_cave, grunt_lair_entry_orc_guard_hut, uniq_josephine
Temple:   nicolae_temple_ecumenical_triangle

Skill      XL: |  1  2  3  4  5  6  7  8  9 10 11 |
---------------+----------------------------------+-----
Fighting       | 3 4 5 7 8 10 11 | 11.8
Ranged Weapons | 5 6 7 8 10 11 | 11.3
Shields        | 2 3 4 6 8 10 12 | 12.7
Dodging        | 2 |  2.0
Armour         | 1 2 |  2.0
Stealth        | 2 |  2.0

Action                     |  1- 3 |  4- 6 |  7- 9 | 10-12 || total
---------------------------+-------+-------+-------+-------++-------
   Fire: Shortbow          |    82 |   161 |   313 |    60 ||   616
         Orcbow            |       |       |       |   235 ||   235
    Use: Scroll            |     3 |     4 |     3 |     8 ||    18
         Potion            |       |     5 |     1 |     4 ||    10
 Armour: Leather armour    |    33 |    58 |    63 |    92 ||   246
         Steam dragon scal |       |       |       |    14 ||    14
  Dodge: Dodged            |    13 |    17 |    38 |    48 ||   116
  Block: Tower shield      |       |    79 |   183 |   244 ||   506

Table legend: (Time is in decaauts)
 A = Elapsed time spent in this place.
 B = Non-inter-level travel time spent in this place.
 C = Inter-level travel time spent in this place.
 D = Time resting spent in this place.
 E = Time spent auto-exploring this place.
 F = Levels seen in this place.
 G = Mean time per level.
                   A        B        C        D        E       F      G
               +--------+--------+--------+--------+--------+-----+--------+
         Total |  10106 |   9708 |    398 |    298 |   7276 |  13 |  777.4 |
       Dungeon |   9591 |   9210 |    381 |    289 |   7012 |  11 |  871.9 |
        Temple |     38 |     21 |     17 |      0 |      0 |   1 |   38.0 |
         Sewer |    475 |    475 |      0 |      9 |    264 |   1 |  475.0 |
               +--------+--------+--------+--------+--------+-----+--------+

Top non-repeatable levels by time:
     D:8: 1745 daAuts
     D:9: 1145 daAuts
     D:5: 1087 daAuts
     D:7: 1031 daAuts
    D:10: 939 daAuts
     D:1: 847 daAuts
     D:2: 811 daAuts
     D:6: 734 daAuts
     D:3: 602 daAuts
     D:4: 568 daAuts
   Sewer: 475 daAuts
    D:11: 78 daAuts
  Temple: 38 daAuts
